 Dungeon Crawl Stone Soup version 0.30-a0-918-g0ff054e9dc (webtiles) character file.

Game seed: 9941039429481926370

136 DeathPants the Cutter (level 5, 0/27 HPs)
             Began as a Vine Stalker Gladiator on Mar 20, 2023.
             Slain by Natasha (4 damage)
             ... on level 3 of the Dungeon.
             The game lasted 00:07:56 (1801 turns).

DeathPants the Cutter (Vine Stalker Gladiator)      Turns: 1801, Time: 00:07:57

Health: 0/27       AC:  4    Str: 16    XL:     5   Next: 19%
Magic:  0/6        EV: 12    Int:  8    God:
Gold:   55         SH:  0    Dex: 18    Spells: 4/4 levels left

rFire   . . .      SeeInvis .    b - +0 dagger (venom)
rCold   . . .      Faith    .    (no shield)
rNeg    . . .      Spirit   +    g - +0 leather armour
rPois   .          Reflect  .    c - +0 helmet
rElec   .          Rampage  .    (no cloak)
rCorr   .                        (no gloves)
Will    .....                    (no boots)
Stlth   ++                       (no amulet)
HPRegen 1.04/turn                (no ring)
MPRegen 0.10/turn                (no ring)

@: no status effects
A: fangs 2, regeneration 1, magic shield, antimagic bite, no potion heal 2
a: no special abilities


You were on level 3 of the Dungeon.
You visited 1 branch of the dungeon, and saw 3 of its levels.

You collected 55 gold pieces.

Inventory:

Hand Weapons
 a - a +0 rapier
 b - a +0 dagger of venom (weapon)
 h - a +1 short sword of flaming
Missiles
 d - 3 throwing nets (quivered)
 e - a javelin
Armour
 c - a +0 helmet (worn)
 g - a +0 leather armour (worn)
Scrolls
 f - 3 scrolls of identify {unknown}
 l - 2 scrolls of fear {unknown}
 m - a scroll of magic mapping {unknown}
 n - a scroll of teleportation {unknown}
Potions
 i - 2 potions of attraction {unknown}
 j - a potion of mutation {unknown}
 k - a potion of curing


   Skills:
 + Level 2.7 Fighting
 * Level 4.1 Short Blades
 - Level 1.7 Throwing
 - Level 2.4 Dodging
 + Level 2.8 Stealth


You had 4 spell levels left.
You didn't know any spells.
Your spell library was empty.

Dungeon Overview and Level Annotations

Branches:
Dungeon (3/15)

Altars:
Dithmenos
Makhleb

Shops:
D:1 ==[(

Annotations:
D:3 Grinder, Natasha


Innate Abilities, Weirdness & Mutations

You have extremely sharp teeth.
Your natural rate of healing is unusually fast.
When hurt, damage is shared between your health and your magic reserves.
Your bite disrupts and absorbs the magic of your enemies.
Potions cannot restore your health.


Message History

The adder is moderately wounded.
The adder barely misses you. The grasping roots constrict you.
You hit the adder but do no damage.
The adder is moderately wounded.
The adder misses you. The grasping roots constrict you.
The grasping roots release their grip on you.
You hit the adder.
The adder is poisoned.
Your bite misses the adder.
The adder is heavily wounded.
The adder barely misses you.
You hit the adder.
The adder looks as sick as possible!
You bite the adder.
You kill the adder!
You hit the kobold.
The kobold is poisoned.
You bite the kobold.
You kill the kobold!
You closely miss Natasha. Natasha casts a spell at you.
The magic dart hits you.
You hit Natasha but do no damage.
Natasha is poisoned.
You bite Natasha, but do no damage. You closely miss Natasha.
Your bite misses Natasha.
Natasha zaps a wand.
The roots erupt in riotous growth!
The grasping roots grab you!
Natasha is unaffected.
The grasping roots constrict you.
You hear an angry hiss.
You barely miss Natasha. Natasha barely misses you.
The grasping roots constrict you.
You miss Natasha. Your bite misses Natasha.
Natasha is moderately wounded.
Natasha completely misses you. The grasping roots constrict you.
* * * LOW HITPOINT WARNING * * *
You hit Natasha but do no damage.
Natasha looks as sick as possible!
Natasha is moderately wounded.
Natasha closely misses you. The grasping roots constrict you.
* * * LOW HITPOINT WARNING * * *
The grasping roots release their grip on you.
You hit Natasha but do no damage.
Natasha looks as sick as possible!
Natasha is heavily wounded.
You hit Natasha but do no damage.
Natasha is heavily wounded.
Natasha claws you.
You die...

#### .....#####
### ..?..>...#
###. #..
.........# ....
.#.#
.........##..#
....
......#......####
##.#
......h..........
.... #@.#...#.#
##.. #........#
### ###...##.#
##### #...##.#
#.... #...##.#
#.... #......#
....
##..##.#######..
#....#<....#....
#.##....##.#.#..


You could see Natasha (extremely poisoned).

Vanquished Creatures
  Natasha (D:3)
  5 adders
  3 dart slugs
  3 orcs (D:3)
  5 bats
  An endoplasm (D:2)
  2 giant cockroaches (D:1)
  5 goblins
  6 hobgoblins
  2 jackals (D:1)
  2 quokkas
  5 ball pythons
  6 frilled lizards
  8 kobolds
  6 rats
60 creatures vanquished.

Notes
Turn   | Place    | Note
-------+----------+-------------------------------------------
     0 | D:1      | DeathPants the Vine Stalker Gladiator began the quest for
                  | the Orb.
     0 | D:1      | Reached XP level 1. HP: 11/11 MP: 2/2
    32 | D:1      | Found Lirril's Antique Weapon Shoppe.
    74 | D:1      | Reached XP level 2. HP: 12/15 MP: 3/3
    75 | D:1      | Reached skill level 3 in Short Blades
    83 | D:1      | Reached skill level 1 in Stealth
   165 | D:1      | Found Onnimem's Jewellery Emporium.
   196 | D:1      | Found Ipaostrit's Jewellery Emporium.
   272 | D:1      | Reached XP level 3. HP: 17/18 MP: 4/4
   690 | D:1      | Found Quewat's Antique Armour Shop.
   932 | D:2      | Found a burning altar of Makhleb.
  1253 | D:3      | Noticed Grinder
  1330 | D:3      | Noticed Natasha
  1337 | D:3      | Killed Natasha
  1338 | D:3      | Gained mutation: Your natural rate of healing is unusually
                  | fast. [Vine Stalker growth]
  1338 | D:3      | Reached XP level 4. HP: 11/23 MP: 5/5
  1482 | D:2      | Reached skill level 4 in Short Blades
  1653 | D:3      | Reached XP level 5. HP: 17/27 MP: 4/6
  1734 | D:3      | Found a shadowy altar of Dithmenos.
  1783 | D:3      | Noticed Natasha
  1801 | D:3      | Slain by Natasha

Illustrated notes

Levels and vault maps discovered:
D:1:      scummos_arrival_simple_crosswalls, layout_basic, serial_shops,
          shop_statue, shop_statue, nicolae_shop_stone, shop,
          minmay_misc_feat_enclosed
D:2:      layout_loops_cross, basic_altar, minmay_misc_feat_more_columns,
          minmay_misc_feat_room
D:3:      layout_basic, amcnicky_altar_gilded,
          grunt_dithmenos_smoke_and_mirrors, ebering_ecumenical_altar_mist,
          kennysheep_generic_room_8, uniq_natasha, uniq_grinder, uniq_robin,
          uniq_jessica

Skill      XL: |  1  2  3  4 |
---------------+-------------+-----
Fighting       | 2 |  2.7
Short Blades   | 3 4 |  4.1
Stealth        | 1 2 |  2.8
Throwing       | |  1.7
Dodging        | |  2.4

Action                     |  1- 3 |  4- 6 || total
---------------------------+-------+-------++-------
  Melee: Rapier            |    30 |       ||    30
         Bite              |    35 |    21 ||    56
         Punch             |     1 |       ||     1
         Dagger            |    91 |    57 ||   148
    Use: Potion            |     1 |       ||     1
   Stab: Sleeping          |     1 |     1 ||     2
 Armour: Leather armour    |    36 |     7 ||    43
  Dodge: Dodged            |    77 |    26 ||   103

Table legend: (Time is in decaauts)
 A = Elapsed time spent in this place.
 B = Non-inter-level travel time spent in this place.
 C = Inter-level travel time spent in this place.
 D = Time resting spent in this place.
 E = Time spent auto-exploring this place.
 F = Levels seen in this place.
 G = Mean time per level.
                   A        B        C        D        E       F      G
               +--------+--------+--------+--------+--------+-----+--------+
         Total |   1777 |   1754 |     23 |      3 |   1094 |   3 |  592.3 |
       Dungeon |   1777 |   1754 |     23 |      3 |   1094 |   3 |  592.3 |
               +--------+--------+--------+--------+--------+-----+--------+

Top non-repeatable levels by time:
     D:1: 904 daAuts
     D:2: 658 daAuts
     D:3: 215 daAuts
